 Dungeon Crawl Stone Soup version 0.28.0 (webtiles) character file.

Game seed: 918630016255173275

37 croobank the Insei (level 3, -1/23 HPs)
             Began as an Octopode Transmuter on Feb 14, 2022.
             Slain by a gnoll (6 damage)
             ... on level 2 of the Dungeon.
             The game lasted 00:03:30 (918 turns).

croobank the Insei (Octopode Transmuter)             Turns: 918, Time: 00:03:30

Health: -1/23      AC:  1    Str:  9    XL:     3   Next: 41%
Magic:  1/6        EV: 13    Int: 17    God:
Gold:   42         SH:  0    Dex: 12    Spells: 3/6 levels left

rFire   . . .      SeeInvis .   d - +0 short sword
rCold   . . .      Faith    .   (no shield)
rNeg    . . .      Spirit   .   (helmet currently unavailable)
rPois   .          Reflect  .   (no amulet)
rElec   .          Harm     .   (no ring)
rCorr   .          Rampage  .   (no ring)
Will    .....                   (no ring)
Stlth   ++........              (no ring)
HPRegen 0.07/turn               (no ring)
MPRegen 0.10/turn               (no ring)
                                (no ring)
                                (no ring)

@: appendages (expiring), wereblooded, very slightly contaminated
A: tentacle spike 3, almost no armour, amphibious, 8 rings, camouflage 1,
gelatinous body 1, (nimble swimmer 1), tentacles
a: End Transformation


You were on level 2 of the Dungeon.
One of your tentacles had grown a beastly spike.
You visited 1 branch of the dungeon, and saw 2 of its levels.

You collected 42 gold pieces.

Inventory:

Hand Weapons
 d - a +0 short sword (weapon)
Missiles
 c - 25 sling bullets
 e - 2 stones
 g - 51 bolts
 j - 5 poisoned darts
Scrolls
 h - a scroll of vulnerability {unknown}
 i - a scroll of fear {unknown}
Potions
 a - a potion of heal wounds {unknown}
 b - a potion of cancellation {unknown}
 f - a potion of flight {unknown}


   Skills:
 + Level 1.6 Fighting
 + Level 2.3 Dodging
 + Level 3.2 Unarmed Combat
 + Level 2.3 Spellcasting
 + Level 2.3 Transmutations


You had 3 spell levels left.
You knew the following spells:

 Your Spells              Type           Power      Damage    Failure   Level
a - Beastly Appendage     Tmut           20%        N/A       7%          1
b - Wereblood             Tmut           10%        N/A       11%         2

Your spell library contained the following spells:

 Spells                   Type           Power      Damage    Failure   Level
 Spider Form              Tmut/Pois      6%         N/A       34%         3
 Ice Form                 Ice/Tmut       6%         N/A       75%         4


Dungeon Overview and Level Annotations

Branches:
Dungeon (2/15)

Altars:


Innate Abilities, Weirdness & Mutations

One of your tentacles has grown a beastly spike.
You cannot wear most types of armour.
You are amphibious.
You can wear up to eight rings at the same time.
Your skin changes colour to match your surroundings (Stealth+).
Your rubbery body absorbs attacks. (AC +1, EV +1)
((You are camouflaged when in or above water. (Stealth+)))
You have tentacles for arms and can constrict up to eight enemies at once.


Message History

You kill the kobold!
Things that are here:
a +0 dagger; a kobold corpse Your transformation is almost over.
A gnoll comes into view. It is wielding a +0 spear.
A gnoll comes into view. It is wielding a +0 club.
Casting: Beastly Appendage (safe; 8% risk of failure)
Confirm with . or Enter, or press ? or * to list all spells.
You extend your transformation's duration.
The gnoll shouts!
Your transformation is almost over.
Casting: Beastly Appendage (safe; 8% risk of failure)
Confirm with . or Enter, or press ? or * to list all spells.
You miscast Wereblood.
You are very lightly contaminated with residual magic.
Nothing appears to happen.
A gnoll comes into view. It is wielding a +0 spear.
Casting: Wereblood (safe; 11% risk of failure)
Confirm with . or Enter, or press ? or * to list all spells.
Your blood is infused with primal strength.
The gnoll shouts!
An adder comes into view.
A gnoll comes into view. It is wielding a +0 spear.
The gnoll hits you from afar with a +0 spear!
The gnoll hits you with a +0 spear.
The gnoll shouts!
You hit the gnoll. You grab the gnoll.
You pierce the gnoll, but do no damage.
You squeeze the gnoll!
You feel a bit better.
You kill the gnoll!
You howl as the wereblood boils in your veins!
You closely miss the gnoll. You grab the gnoll.
You pierce the gnoll, but do no damage.
You howl as the wereblood boils in your veins!
You constrict the gnoll. The gnoll hits you with a +0 club!
* * * LOW HITPOINT WARNING * * *
You hit the gnoll but do no damage.
You pierce the gnoll.
The gnoll is heavily wounded.
You constrict the gnoll, but do no damage.
The gnoll hits you with a +0 club.
You die...

.≈P≈≈≈≈≈≈≈≈≈..####
≈P≈≈≈≈≈P≈≈≈.......
≈≈≈≈≈≈P≈≈≈≈..###.#
≈≈≈≈≈≈≈≈≈........#
≈≈P≈≈≈≈...#..###.#
≈.≈..≈...##......#
≈......)###†....<#
..##.#..##########
#.....@ggSg...
##############


You could see 3 gnolls and an adder.

Vanquished Creatures
  A gnoll (D:2)
  A dart slug (D:2)
  4 endoplasms (D:1)
  2 hobgoblins (D:1)
  2 quokkas (D:1)
  2 ball pythons (D:1)
  4 bats (D:1)
  A frilled lizard (D:1)
  4 goblins (D:1)
  2 kobolds
  A rat (D:1)
24 creatures vanquished.

Vanquished Creatures (others)
  A fungus (D:1)
  A plant (D:1)
2 creatures vanquished.

Grand Total: 26 creatures vanquished

Notes
Turn   | Place    | Note
-------+----------+-------------------------------------------
     0 | D:1      | croobank the Octopode Transmuter began the quest for the
                  | Orb.
     0 | D:1      | Reached XP level 1. HP: 13/13 MP: 3/3
    51 | D:1      | Reached XP level 2. HP: 12/18 MP: 3/5
    58 | D:1      | Learned a level 2 spell: Wereblood
   736 | D:1      | Reached XP level 3. HP: 23/23 MP: 4/6
   823 | D:1      | Found a faded altar of an unknown god.
   918 | D:2      | Slain by a gnoll

Illustrated notes

Levels and vault maps discovered:
D:1:      moated_graveyard_arrival, layout_basic,
          shapermc_ecumenical_altar_petra
D:2:      layout_basic, chequers_big_river

Action                   || total
-------------------------++-------
Melee: Unarmed           ||    12
       Constrict         ||    16
       Kick              ||    16
       Tentacles         ||    13
       Punch             ||     3
       Short sword       ||    44
 Cast: Beastly Appendage ||    16
       Wereblood         ||     2
  Use: Scroll            ||     1
 Stab: Sleeping          ||     2
Armor: Skin              ||     5
Dodge: Dodged            ||    25
